[Event "Titled Tuesday Blitz May 23 Early 2023"]
[White "agvania123"]
[Black "Barbot, Pierre"]
[BlackFideId "663727"]
[WhiteElo "2245"]
[BlackElo "2431"]
[Result "0-1"]
[Round "04"]
[TimeControl "180+2"]
[Date "2023.05.23"]
[WhiteClock "0:00:02"]
[BlackClock "0:00:13"]

1. c4 Nf6 2. Nc3 e5 3. Nf3 Nc6 4. e4 Bb4 5. d3 d6 6. Be2 O-O 7. O-O a6 8. a3 Bc5 9. b4 Bd4 10. Nxd4 Nxd4 11. Be3 c6 12. Rb1 Nxe2+ 13. Qxe2 Ng4 14. d4 f5 15. exf5 Bxf5 16. Rbd1 e4 17. d5 Ne5 18. h3 Qh4 19. Bd4 Nf3+ 20. gxf3 Bxh3 21. Nxe4 Rae8 22. Rde1 Rxe4 23. Qxe4 Qg5+ 24. Qg4 Bxg4 25. fxg4 Qxg4+ 26. Kh1 Qxd4 27. Rg1 Rf6 28. Re8+ Kf7 29. Re3 Rh6+ 30. Kg2 Rg6+ 31. Kf1 Qd1+ 32. Re1 Rxg1+ 0-1


[Site "https://www.chess.com"]

[Event "Titled Tuesday Blitz May 23 Early 2023"]
[White "Fiedorek, Michal"]
[Black "DIM90"]
[WhiteFideId "1199528"]
[WhiteElo "2135"]
[BlackElo "2239"]
[Result "0-1"]
[Round "04"]
[TimeControl "180+2"]
[Date "2023.05.23"]
[WhiteClock "0:00:00"]
[BlackClock "0:00:44"]

1. d4 e5 2. dxe5 Nc6 3. Nf3 Qe7 4. Bf4 Qb4+ 5. Bd2 Qxb2 6. Bc3 Bb4 7. Bxb4 Nxb4 8. Na3 Qc3+ 9. Nd2 Qxa3 10. e4 Qc3 11. Rc1 Nxa2 12. Ra1 Nb4 13. Rc1 Ne7 14. Bc4 O-O 15. O-O Qxe5 16. c3 Nbc6 17. f4 Qc5+ 18. Kh1 d5 19. exd5 Nxd5 20. Qh5 Be6 21. Bd3 g6 22. Qh6 Nf6 23. Nf3 Rad8 24. Bb1 Bf5 25. Qg5 Ng4 26. Nh4 h6 27. Nxf5 hxg5 0-1


[Site "https://www.chess.com"]

[Event "Titled Tuesday Blitz May 23 Early 2023"]
[White "Pham, Le Thao Nguyen"]
[Black "Antonova, Nadezhda"]
[WhiteFideId "12401226"]
[BlackFideId "14700182"]
[WhiteElo "2286"]
[BlackElo "1799"]
[Result "1-0"]
[Round "04"]
[TimeControl "180+2"]
[Date "2023.05.23"]
[WhiteClock "0:01:21"]
[BlackClock "0:00:31"]

1. Nf3 Nf6 2. g3 g6 3. Bg2 Bg7 4. O-O O-O 5. d3 d6 6. Nbd2 c5 7. e4 Nc6 8. c3 Rb8 9. Re1 b5 10. d4 e5 11. d5 Ne7 12. Nf1 Nd7 13. Bd2 h6 14. Qc1 Kh7 15. h3 c4 16. b4 cxb3 17. axb3 Nc5 18. Qc2 f5 19. Rxa7 Nxe4 20. c4 bxc4 21. bxc4 Re8 22. Ba5 Rb6 23. Rb1 Rxb1 24. Bxd8 1-0


[Site "https://www.chess.com"]

[Event "Titled Tuesday Blitz May 23 Early 2023"]
[White "rionelG"]
[Black "Zavortink, Matt"]
[BlackFideId "2034263"]
[WhiteElo "2212"]
[BlackElo "2462"]
[Result "0-1"]
[Round "04"]
[TimeControl "180+2"]
[Date "2023.05.23"]
[WhiteClock "0:00:05"]
[BlackClock "0:00:22"]

1. e4 e6 2. d3 d5 3. Nd2 Nf6 4. g3 dxe4 5. dxe4 e5 6. Bg2 Bc5 7. Ngf3 O-O 8. O-O Qe7 9. c3 a5 10. h3 Rd8 11. Re1 b6 12. Nh4 Ba6 13. Qf3 Rd3 14. Nf5 Qf8 15. Nh6+ Kh8 16. Qf5 Rxg3 17. Nb3 Bc8 18. Nxf7+ Kg8 19. Qxe5 Rxg2+ 20. Kxg2 Qxf7 21. Nxc5 bxc5 22. Bf4 Nh5 23. Bg3 Na6 24. Rad1 Be6 25. b3 Rf8 26. Rd3 Nxg3 27. Rxg3 Qxf2+ 0-1


[Site "https://www.chess.com"]

[Event "Titled Tuesday Blitz May 23 Early 2023"]
[White "merinasian"]
[Black "Floresvillar Gonzalez, Luis Migu"]
[BlackFideId "5100542"]
[WhiteElo "2460"]
[BlackElo "2040"]
[Result "1-0"]
[Round "04"]
[TimeControl "180+2"]
[Date "2023.05.23"]
[WhiteClock "0:00:11"]
[BlackClock "0:00:00"]

1. d4 Nf6 2. Nf3 d5 3. g3 Bf5 4. Bg2 c6 5. c4 e6 6. Nc3 Nbd7 7. Qb3 b6 8. O-O Bd6 9. cxd5 cxd5 10. Nb5 Bb8 11. Bf4 Bxf4 12. gxf4 O-O 13. Rac1 a6 14. Nd6 Bg4 15. e3 Bxf3 16. Bxf3 Ne8 17. Nxe8 Rxe8 18. Rc6 b5 19. Rfc1 Nb6 20. Qb4 Nc4 21. b3 a5 22. Qxb5 Nd2 23. Bg2 Qh4 24. Qd3 Ne4 25. Bxe4 dxe4 26. Qxe4 g6 27. Qf3 a4 28. b4 a3 29. b5 Rab8 30. b6 Qd8 31. Rb1 Qd7 32. Kg2 Rec8 33. Rxc8+ Qxc8 34. b7 Qd7 35. Rb3 Kf8 36. Qe4 Qd5 37. Qxd5 exd5 38. Kg3 Ke7 39. Kg4 f6 40. h4 h5+ 41. Kg3 Kd6 42. f5 g5 43. hxg5 fxg5 44. f6 Ke6 45. Rb6+ Kf7 46. f4 g4 47. Kh4 Kg6 48. f5+ Kf7 49. Kg3 Kf8 50. Kf4 Kf7 51. e4 dxe4 52. Kxe4 h4 53. Kf4 h3 54. Kg3 Kf8 55. Rb1 Kf7 56. d5 Kxf6 57. d6 1-0


[Site "https://www.chess.com"]

[Event "Titled Tuesday Blitz May 23 Early 2023"]
[White "Avazkhonov, Alikhon"]
[Black "Guevara Sanchez, Erick Marvin"]
[WhiteFideId "14208504"]
[BlackFideId "6700136"]
[WhiteElo "1739"]
[BlackElo "2040"]
[Result "1-0"]
[Round "04"]
[TimeControl "180+2"]
[Date "2023.05.23"]
[WhiteClock "0:00:08"]
[BlackClock "0:00:31"]

1. d4 Nf6 2. c4 e6 3. Nc3 Bb4 4. e3 O-O 5. Bd2 d5 6. Nf3 c5 7. cxd5 exd5 8. a3 Bxc3 9. Bxc3 c4 10. Be2 Nc6 11. O-O Bf5 12. Nd2 Re8 13. g4 Bg6 14. g5 Ne4 15. Nxe4 Rxe4 16. f4 Rxe3 17. Bd2 Re4 18. f5 Nxd4 19. Bg4 Qb6 20. Kh1 Nb3 21. fxg6 hxg6 22. Rf4 Nxd2 23. Qxd2 Rxf4 24. Qxf4 Qxb2 25. Rf1 Rf8 26. Be6 Qe2 27. Bxf7+ Rxf7 28. Qxf7+ Kh7 29. Qf3 Qxf3+ 30. Rxf3 d4 31. Rf4 b5 32. Rxd4 a6 33. Kg1 Kg8 34. Kf2 Kf7 35. Ke3 Ke6 36. Kd2 Kf5 37. Kc3 Kxg5 38. Kb4 Kf5 39. Rd6 Ke4 40. Rxa6 Kf3 41. Rxg6 1-0


[Site "https://www.chess.com"]

[Event "Titled Tuesday Blitz May 23 Early 2023"]
[White "Cardozo Munar, Carlos Eduardo"]
[Black "Castellanos Gomez, Alejandro"]
[WhiteFideId "4409477"]
[BlackFideId "22284141"]
[WhiteElo "2067"]
[BlackElo "2158"]
[Result "1/2-1/2"]
[Round "04"]
[TimeControl "180+2"]
[Date "2023.05.23"]
[WhiteClock "0:00:19"]
[BlackClock "0:00:13"]

1. e4 b6 2. Nf3 Bb7 3. Nc3 Nf6 4. e5 Nd5 5. Bc4 e6 6. O-O Be7 7. d4 O-O 8. Nxd5 exd5 9. Bd3 c5 10. c3 d6 11. Re1 dxe5 12. Nxe5 Bf6 13. Bf4 cxd4 14. cxd4 Nc6 15. Rc1 Nxd4 16. Bxh7+ Kxh7 17. Qxd4 Rc8 18. Qd3+ Kg8 19. b3 Qe7 20. Ng4 Rxc1 21. Nxf6+ Qxf6 22. Bxc1 d4 23. Bb2 Rd8 24. Rd1 Qg5 25. f3 Qa5 26. a4 Qb4 27. Bxd4 Rd5 28. Qe3 Bc6 29. h3 Bd7 30. Rd2 Be6 31. Kh2 Qa3 32. Be5 Rxd2 33. Qxd2 Qxb3 34. Qd8+ Kh7 35. Qh4+ Kg8 36. Qd8+ Kh7 37. Qh4+ Kg6 38. Qe4+ f5 39. Qc6 Qd5 40. Qxd5 Bxd5 41. Bb8 a6 42. Bc7 b5 43. axb5 axb5 44. Bd6 Kf6 45. Bb4 Ke5 46. g4 f4 47. Bc3+ Ke6 48. Bxg7 Bxf3 49. g5 Kf5 50. h4 Kg4 51. Bf6 Be4 52. Kg1 Bg6 53. Kf2 Kxh4 54. Kf3 Kh3 55. Kxf4 Kg2 56. Ke5 Kf2 57. Kd4 Kf3 58. Kc5 Bd3 59. Kb4 Bc4 60. Bd8 Kg4 61. Bf6 Kf5 62. Bd8 Kg6 63. Bf6 Bd3 64. Bd8 Bf1 65. Bf6 Kf7 66. Bd8 Bd3 67. Bf6 Ke6 68. Bb2 Kd5 69. Bf6 Kc6 70. Bh8 Bg6 71. Bf6 Kb6 72. Bh8 Kc6 73. Bf6 Be8 74. Bh8 Kd5 75. Bf6 Ke6 76. Bd8 Kd7 77. Bf6 Ke6 78. Bc3 Kf7 79. Bf6 Kg6 80. Bd8 Kf7 81. Bf6 Ke6 1/2-1/2


[Site "https://www.chess.com"]

[Event "Titled Tuesday Blitz May 23 Early 2023"]
[White "ritanovikova"]
[Black "Bilan, Danila"]
[BlackFideId "24161918"]
[WhiteElo "2176"]
[BlackElo "2182"]
[Result "0-1"]
[Round "04"]
[TimeControl "180+2"]
[Date "2023.05.23"]
[WhiteClock "0:00:00"]
[BlackClock "0:00:32"]

1. e4 c6 2. d4 d5 3. exd5 cxd5 4. Bd3 Nc6 5. c3 Qc7 6. Ne2 Bg4 7. h3 Bh5 8. Qa4 e6 9. Bf4 Bd6 10. Bxd6 Qxd6 11. Ng3 Bg6 12. Bxg6 hxg6 13. Nd2 a6 14. Qb3 b5 15. a3 Nge7 16. O-O O-O 17. Rfe1 a5 18. Nf3 b4 19. axb4 axb4 20. Ne5 bxc3 21. bxc3 Rxa1 22. Rxa1 Nxe5 23. dxe5 Qxe5 24. Ra7 Nf5 25. Nxf5 gxf5 26. g3 Rb8 27. Qa3 Rb1+ 28. Kh2 Qe1 29. Ra8+ Kh7 0-1


[Site "https://www.chess.com"]

[Event "Titled Tuesday Blitz May 23 Early 2023"]
[White "KSho99"]
[Black "Osinovsky, Stepan"]
[BlackFideId "4157354"]
[WhiteElo "2160"]
[BlackElo "2222"]
[Result "1/2-1/2"]
[Round "04"]
[TimeControl "180+2"]
[Date "2023.05.23"]
[WhiteClock "0:00:35"]
[BlackClock "0:00:09"]

1. Nf3 Nf6 2. b3 g6 3. Bb2 Bg7 4. d4 O-O 5. e3 d6 6. Be2 e5 7. dxe5 Ng4 8. h3 Nxe5 9. Nxe5 Bxe5 10. Bxe5 dxe5 11. Qxd8 Rxd8 12. Nc3 a5 13. Rd1 Rxd1+ 14. Kxd1 Be6 15. Kc1 Kf8 16. Rd1 Ke7 17. Bf3 c6 18. Na4 Nd7 19. c4 Rd8 20. Kb2 b5 21. cxb5 cxb5 22. Nc3 b4 23. Nd5+ Kf8 24. Nc7 Ke7 25. Nd5+ Kf8 26. Nf6 Ke7 27. Nd5+ 1/2-1/2


[Site "https://www.chess.com"]

[Event "Titled Tuesday Blitz May 23 Early 2023"]
[White "Ciuffoletti, Paolo"]
[Black "UNSTOPPABLE_LEGEND"]
[WhiteFideId "807630"]
[WhiteElo "2143"]
[BlackElo "2450"]
[Result "1-0"]
[Round "04"]
[TimeControl "180+2"]
[Date "2023.05.23"]
[WhiteClock "0:00:16"]
[BlackClock "0:00:00"]

1. e4 Nf6 2. e5 Nd5 3. c4 Nb6 4. d4 d6 5. f4 dxe5 6. fxe5 Nc6 7. Be3 Bf5 8. Nc3 e6 9. Nf3 Qd7 10. Be2 Be7 11. O-O f6 12. exf6 Bxf6 13. d5 exd5 14. Bxb6 axb6 15. cxd5 Ne7 16. Nd4 Bxd4+ 17. Qxd4 O-O 18. Bc4 Kh8 19. Rae1 Bg6 20. h3 Nf5 21. Qd2 Qd6 22. Ne4 Qe5 23. Ng5 Qd4+ 24. Qxd4 Nxd4 25. Ne6 Rxf1+ 26. Rxf1 Nxe6 27. dxe6 c6 28. e7 1-0


[Site "https://www.chess.com"]

[Event "Titled Tuesday Blitz May 23 Early 2023"]
[White "Von Buelow, Georg"]
[Black "Manukian, Artak"]
[WhiteFideId "4620658"]
[BlackFideId "13301373"]
[WhiteElo "2149"]
[BlackElo "2130"]
[Result "1-0"]
[Round "04"]
[TimeControl "180+2"]
[Date "2023.05.23"]
[WhiteClock "0:00:12"]
[BlackClock "0:00:01"]

1. e4 c6 2. d4 d5 3. e5 Bf5 4. h4 h5 5. Bg5 Qb6 6. Bd3 Bxd3 7. Qxd3 e6 8. Nd2 Nh6 9. Ngf3 Nf5 10. O-O Nd7 11. c4 Qa6 12. Qb3 Be7 13. cxd5 cxd5 14. Bxe7 Nxe7 15. Rac1 Nc6 16. a3 O-O 17. Qe3 Rfc8 18. Qg5 Qd3 19. Rc3 Qf5 20. Qxf5 exf5 21. Rfc1 Ne7 22. Rc7 Nf8 23. R1c3 Nc6 24. Rxb7 Ne6 25. Nb3 a5 26. Rb6 Ne7 27. Rxc8+ Nxc8 28. Rb5 a4 29. Nc5 Ne7 30. Nxe6 fxe6 31. Rb6 Ng6 32. g3 Nf8 33. Ng5 Rc8 34. Nxe6 Nxe6 35. Rxe6 Rc2 36. Rb6 Rd2 37. Rb4 Kf7 38. Kf1 f4 39. Ke1 Rd3 40. gxf4 Ke6 41. Rxa4 Kf5 42. Ra7 Rxd4 43. Rf7+ Kg4 44. e6 Re4+ 45. Kf1 Rxe6 46. Rxg7+ Kxh4 47. a4 Rb6 48. a5 Rxb2 49. a6 Ra2 50. a7 d4 51. Ke1 d3 52. f5 Kh3 53. f6 h4 54. f7 Re2+ 55. Kd1 Rxf2 56. a8=Q 1-0


[Site "https://www.chess.com"]

[Event "Titled Tuesday Blitz May 23 Early 2023"]
[White "Mrudul Dehankar"]
[Black "ChesscularGodofchess"]
[WhiteFideId "25096990"]
[WhiteElo "2139"]
[BlackElo "2124"]
[Result "1-0"]
[Round "04"]
[TimeControl "180+2"]
[Date "2023.05.23"]
[WhiteClock "0:00:09"]
[BlackClock "0:00:48"]

1. e4 c5 2. Nf3 e6 3. d4 cxd4 4. Nxd4 Nc6 5. Nc3 Qc7 6. Be2 a6 7. O-O b5 8. Be3 Bb7 9. f4 Rc8 10. Bf3 Nxd4 11. Qxd4 Nf6 12. e5 Bxf3 13. exf6 Bc5 14. Qxc5 Qxc5 15. Bxc5 Rxc5 16. Rxf3 gxf6 17. Rf2 Ke7 18. Rd2 f5 19. Ne2 d5 20. Nd4 Rhc8 21. c3 Kf6 22. a4 Rb8 23. axb5 axb5 24. Ra6 b4 25. Rc2 bxc3 26. bxc3 Rb1+ 27. Kf2 Rd1 28. Ne2 Rd3 29. Rb2 Rc4 30. Rb7 Rd2 31. Ke1 Rc2 32. Kd1 Rxe2 33. Kxe2 Rxc3 34. Raa7 Rc2+ 35. Kf3 Rc3+ 36. Kf2 Rc4 37. Rxf7+ Kg6 38. Rg7+ Kh6 39. Rxh7+ Kg6 40. Rhg7+ Kh6 41. Kg3 Rc3+ 42. Kh4 Rc4 43. g3 e5 44. Rge7 exf4 45. Re6# 1-0


[Site "https://www.chess.com"]

[Event "Titled Tuesday Blitz May 23 Early 2023"]
[White "Gurevich, Dmitry"]
[Black "Blackwhite017"]
[WhiteFideId "2000407"]
[WhiteElo "2506"]
[BlackElo "2084"]
[Result "1-0"]
[Round "04"]
[TimeControl "180+2"]
[Date "2023.05.23"]
[WhiteClock "0:00:34"]
[BlackClock "0:00:00"]

1. d4 d5 2. c4 c6 3. cxd5 cxd5 4. Bg5 Nf6 5. Bxf6 exf6 6. Nc3 Be6 7. g3 g6 8. Bg2 Bg7 9. e3 O-O 10. Nge2 Nd7 11. Nxd5 Bxd5 12. Bxd5 Qa5+ 13. Nc3 Rac8 14. Bf3 Nb6 15. O-O Nc4 16. Nd5 Rfe8 17. Bg2 Rcd8 18. Nf4 Nxb2 19. Qb3 Na4 20. Qxb7 f5 21. Bd5 Rf8 22. Bb3 Nb6 23. Rac1 Rd7 24. Qc6 Rfd8 25. Rc5 Qb4 26. Rfc1 h5 27. Qxg6 Qxb3 28. Qxg7+ Kxg7 29. axb3 Nd5 30. Nxh5+ Kg6 31. Nf4+ Nxf4 32. gxf4 Rb8 33. R1c3 Kh5 34. Kg2 Kg4 35. h3+ Kh4 36. Rxf5 Rg8+ 37. Kh2 Rd6 38. Rcc5 1-0


[Site "https://www.chess.com"]

[Event "Titled Tuesday Blitz May 23 Early 2023"]
[White "Saim, Mohamed Ilias"]
[Black "Mackster23"]
[WhiteFideId "7900465"]
[WhiteElo "2063"]
[BlackElo "2438"]
[Result "0-1"]
[Round "04"]
[TimeControl "180+2"]
[Date "2023.05.23"]
[WhiteClock "0:00:24"]
[BlackClock "0:00:05"]

1. c4 e5 2. g3 Nc6 3. Bg2 Nf6 4. Nc3 Bc5 5. Nf3 d6 6. O-O a6 7. d3 O-O 8. Bg5 h6 9. Bxf6 Qxf6 10. Nd5 Qd8 11. a3 Be6 12. b4 Ba7 13. Nd2 Rb8 14. a4 Bxd5 15. Bxd5 Nxb4 16. Bg2 a5 17. Ne4 c6 18. Rc1 f5 19. Nc3 Qg5 20. Qb3 Bc5 21. Na2 f4 22. Nxb4 axb4 23. Ra1 fxg3 24. hxg3 Rxf2 25. Rxf2 Qxg3 26. Rf1 Rf8 27. d4 Qxb3 28. Rxf8+ Kh7 29. dxc5 Qe3+ 30. R8f2 dxc5 31. Kh2 h5 32. Rf5 Kh6 33. Bf3 g6 34. Rf8 e4 35. Bg2 b3 36. Rh8+ Kg7 37. Rff8 b2 38. Rfg8+ Kf6 39. Rf8+ Kg5 40. Re8 b1=Q 41. Re5+ Kh4 42. Rxe4+ Qbxe4 43. Bxe4 Qxe4 44. Rb8 Qxe2+ 45. Kg1 Qe1+ 46. Kg2 Qg3+ 47. Kf1 Qxb8 0-1


[Site "https://www.chess.com"]

[Event "Titled Tuesday Blitz May 23 Early 2023"]
[White "Yeritsyan, Hayk"]
[Black "Castillo Pena, Patricia Evarista"]
[WhiteFideId "13307320"]
[BlackFideId "6412106"]
[WhiteElo "2437"]
[BlackElo "1919"]
[Result "1-0"]
[Round "04"]
[TimeControl "180+2"]
[Date "2023.05.23"]
[WhiteClock "0:01:46"]
[BlackClock "0:00:00"]

1. b3 d5 2. Bb2 c5 3. g3 Nc6 4. Bg2 e5 5. e3 Nf6 6. Ne2 Bd6 7. O-O O-O 8. d4 cxd4 9. exd4 e4 10. c4 Re8 11. Nbc3 Bg4 12. Qd2 Bb4 13. Rfe1 dxc4 14. d5 Ne5 15. Nf4 Nf3+ 16. Bxf3 Bxf3 17. bxc4 Qa5 18. Qd4 Bc5 19. Qd2 e3 20. fxe3 Qb6 21. Kf2 Rxe3 22. Kf1 Rae8 23. Na4 Rxe1+ 24. Rxe1 Rxe1+ 25. Qxe1 1-0


[Site "https://www.chess.com"]

[Event "Titled Tuesday Blitz May 23 Early 2023"]
[White "Pinto, Daniel"]
[Black "awayceiling"]
[WhiteFideId "3303144"]
[WhiteElo "2145"]
[BlackElo "1391"]
[Result "1-0"]
[Round "04"]
[TimeControl "180+2"]
[Date "2023.05.23"]
[WhiteClock "0:01:30"]
[BlackClock "0:00:00"]

1. e4 c5 2. Nf3 e6 3. c3 Nc6 4. d4 d5 5. e5 Qb6 6. Bd3 Bd7 7. O-O cxd4 8. cxd4 Nxd4 9. Nbd2 Nxf3+ 10. Nxf3 Bc5 11. b4 Qxb4 12. Rb1 Qa5 13. Rxb7 Qxa2 14. Ng5 h6 15. Nxf7 Kxf7 16. Qh5+ Ke7 17. Bg5+ Nf6 18. exf6+ gxf6 19. Bxf6+ Kxf6 20. Rxd7 1-0


[Site "https://www.chess.com"]

[Event "Titled Tuesday Blitz May 23 Early 2023"]
[White "Rodriguez Polo, Mateo"]
[Black "Begmuratov, Alisher"]
[WhiteFideId "24509396"]
[BlackFideId "14203367"]
[WhiteElo "2117"]
[BlackElo "2387"]
[Result "0-1"]
[Round "04"]
[TimeControl "180+2"]
[Date "2023.05.23"]
[WhiteClock "0:00:17"]
[BlackClock "0:00:58"]

1. Nf3 c5 2. c4 Nc6 3. b3 Nf6 4. Bb2 g6 5. g3 Bg7 6. Bg2 O-O 7. O-O b6 8. d4 cxd4 9. Nxd4 Bb7 10. Nc3 Qc8 11. Rc1 Nxd4 12. Qxd4 Bxg2 13. Kxg2 Qb7+ 14. f3 h5 15. Nd5 d6 16. Qd2 Ne8 17. Bxg7 Nxg7 18. e4 Rfe8 19. Rfd1 Rac8 20. b4 Ne6 21. a3 b5 22. Ne3 bxc4 23. Qd5 Qa6 24. Nxc4 Rc7 25. b5 Qa4 26. b6 Rc5 27. Qd3 Rec8 28. b7 Rb8 29. Nb2 Qc6 30. Qe3 Rxb7 31. Nd3 Rc2+ 32. Kg1 Qc3 33. Rxc2 Qxc2 34. Rc1 Rb1 35. Rxb1 Qxb1+ 36. Kg2 Qb3 37. Qd2 Qxa3 38. Nb4 Qa5 39. Qc3 Qc5 40. Qa3 a5 41. Nc2 Qxc2+ 42. Kh3 0-1


[Site "https://www.chess.com"]

[Event "Titled Tuesday Blitz May 23 Early 2023"]
[White "Kuchava, Ana"]
[Black "Martic, Ivan"]
[WhiteFideId "13605348"]
[BlackFideId "929301"]
[WhiteElo "2001"]
[BlackElo "2360"]
[Result "0-1"]
[Round "04"]
[TimeControl "180+2"]
[Date "2023.05.23"]
[WhiteClock "0:00:01"]
[BlackClock "0:01:21"]

1. d4 Nf6 2. Nf3 g6 3. c4 Bg7 4. Nc3 O-O 5. e4 d6 6. Be2 Nbd7 7. O-O e5 8. Re1 Re8 9. Bf1 a6 10. d5 a5 11. Qc2 Nc5 12. b3 Bd7 13. Bb2 Nh5 14. a3 a4 15. b4 Nb3 16. Rad1 Bg4 17. Nxa4 Bxf3 18. gxf3 Nd4 19. Bxd4 exd4 20. c5 Be5 21. f4 Nxf4 22. f3 Qh4 23. cxd6 cxd6 24. Ra1 Rec8 25. Qd1 d3 26. Ra2 Ne2+ 27. Rexe2 dxe2 28. Rxe2 Qg5+ 29. Kh1 Rc1 0-1


[Site "https://www.chess.com"]

[Event "Titled Tuesday Blitz May 23 Early 2023"]
[White "Rios Escobar, Adan"]
[Black "Nithyalakshmi, Sivanesan"]
[WhiteFideId "3403645"]
[BlackFideId "5706955"]
[WhiteElo "2451"]
[BlackElo "1815"]
[Result "1-0"]
[Round "04"]
[TimeControl "180+2"]
[Date "2023.05.23"]
[WhiteClock "0:00:10"]
[BlackClock "0:00:00"]

1. d4 Nf6 2. g3 c5 3. d5 d6 4. c4 g6 5. Nc3 Bg7 6. Nf3 O-O 7. Bg2 Nbd7 8. O-O a6 9. a4 Nb6 10. Nd2 Bg4 11. h3 Bd7 12. e4 a5 13. f4 Qc8 14. Kh2 e6 15. Qc2 Rb8 16. Nb5 Ne8 17. Ra3 Na8 18. Re3 Nac7 19. Nxd6 Nxd6 20. e5 Nf5 21. Rd3 Na6 22. Ne4 Nb4 23. Qd1 Nxd3 24. Qxd3 exd5 25. cxd5 Bxa4 26. Bd2 b6 27. Bc3 Qd7 28. g4 Bb5 29. Qd2 Bxf1 30. Bxf1 Nd4 31. Bxd4 cxd4 32. Qxd4 Rfd8 33. d6 Qc6 34. Bc4 Qc5 35. Qd3 Qb4 36. Ng5 Qxb2+ 37. Kg3 Rb7 38. Qd5 Qc3+ 39. Kg2 Qc2+ 40. Kg3 Qc3+ 41. Kg2 Rf8 42. e6 Qc2+ 43. Kg3 fxe6 44. Nxe6 Qc3+ 45. Kg2 Qc2+ 46. Kg3 Qc3+ 47. Kg2 Qc2+ 48. Kf3 Qc3+ 49. Bd3 Kh8 50. Nxf8 Bxf8 51. d7 Rb8 52. d8=Q Rxd8 53. Qxd8 Qc5 54. Qe8 Qd6 55. Qe4 Qc5 56. Bc4 Qe7 57. Qd4+ Bg7 58. Qxb6 1-0


[Site "https://www.chess.com"]

[Event "Titled Tuesday Blitz May 23 Early 2023"]
[White "Begunov, Konstantin"]
[Black "Simonovic, Miroslav"]
[WhiteFideId "4118510"]
[BlackFideId "919152"]
[WhiteElo "2050"]
[BlackElo "2042"]
[Result "0-1"]
[Round "04"]
[TimeControl "180+2"]
[Date "2023.05.23"]
[WhiteClock "0:00:00"]
[BlackClock "0:00:03"]

1. d4 Nf6 2. c4 c5 3. Nf3 b6 4. dxc5 bxc5 5. g3 Bb7 6. Bg2 g6 7. Nc3 Bg7 8. O-O O-O 9. Qc2 d6 10. Rd1 Nbd7 11. b3 Bc6 12. Bb2 Rb8 13. Rd2 Qc8 14. Re1 Qb7 15. e4 Nb6 16. Nd5 Nfxd5 17. exd5 Be8 18. Bxg7 Kxg7 19. Rde2 Nc8 20. Bh3 Bd7 21. Bxd7 Qxd7 22. h4 h6 23. Kg2 Qf5 24. Qc3+ Qf6 25. Qa5 Rb7 26. h5 g5 27. Nh2 Nb6 28. Ng4 Qf5 29. Qc3+ Kh7 30. f3 Nc8 31. Re4 Rg8 32. Ne3 Qf6 33. Qxf6 exf6 34. Nf5 Rd8 35. Re8 Rxe8 36. Rxe8 Rc7 37. Rd8 a5 38. Kf2 a4 39. Nxd6 Nb6 40. Nb5 Re7 41. d6 Re6 0-1


[Site "https://www.chess.com"]

[Event "Titled Tuesday Blitz May 23 Early 2023"]
[White "Heinemann, Josefine"]
[Black "Dahlgren, James Allen"]
[WhiteFideId "12900460"]
[BlackFideId "22256873"]
[WhiteElo "2342"]
[BlackElo "2191"]
[Result "1-0"]
[Round "04"]
[TimeControl "180+2"]
[Date "2023.05.23"]
[WhiteClock "0:00:13"]
[BlackClock "0:00:00"]

1. e4 e6 2. d4 c5 3. d5 exd5 4. exd5 d6 5. Nf3 f5 6. Bb5+ Nd7 7. a4 Nf6 8. O-O Be7 9. Ng5 O-O 10. Ne6 Qb6 11. Nxf8 Nxf8 12. Re1 Bd8 13. Nc3 a6 14. a5 Qc7 15. Bf1 Qf7 16. Bf4 Be7 17. h3 Ng6 18. Bh2 f4 19. Qd3 Bd7 20. Re2 Rf8 21. Rae1 Ne5 22. Qd1 g5 23. b3 Bd8 24. Rxe5 dxe5 25. Rxe5 h6 26. Bc4 Kg7 27. d6 Qg6 28. g3 Bxa5 29. Re7+ Kh8 30. Bd3 Bf5 31. Ne2 f3 32. Nc1 g4 33. hxg4 Qxg4 34. Bxf5 Qxf5 35. Nd3 Ng4 36. Qa1+ Rf6 37. Qxa5 Rxd6 38. Qc3+ Rf6 39. Nf4 Kg8 40. Qd3 Qxd3 41. cxd3 Rb6 42. Re1 Rxb3 43. Rc1 b6 44. Nd5 Rb2 45. Ne3 Nxe3 46. fxe3 Rg2+ 47. Kh1 Re2 48. e4 Rd2 49. Bg1 f2 50. Bxf2 Rxf2 51. Kg1 Rd2 52. Rc3 a5 53. Rb3 a4 54. Rxb6 Rxd3 55. Kf2 a3 56. Ra6 c4 57. Ra7 Rb3 58. Ke2 Rb2+ 59. Ke3 a2 60. Kd4 Rg2 61. Kxc4 Rxg3 62. Kd4 h5 63. e5 1-0


[Site "https://www.chess.com"]

[Event "Titled Tuesday Blitz May 23 Early 2023"]
[White "Larina, Maria"]
[Black "Kielinkei"]
[WhiteFideId "24113182"]
[WhiteElo "1848"]
[BlackElo "2438"]
[Result "0-1"]
[Round "04"]
[TimeControl "180+2"]
[Date "2023.05.23"]
[WhiteClock "0:00:01"]
[BlackClock "0:00:05"]

1. e4 c5 2. Nc3 a6 3. g3 Nc6 4. Bg2 b5 5. Nh3 Bb7 6. O-O g6 7. f4 Bg7 8. d3 e6 9. Nf2 Nge7 10. Ne2 O-O 11. c3 d5 12. e5 b4 13. g4 bxc3 14. bxc3 Qc7 15. Ng3 f6 16. exf6 Bxf6 17. Bd2 Qd7 18. Qe2 Rae8 19. Rab1 Ba8 20. Rb6 a5 21. Rfb1 e5 22. f5 gxf5 23. Nxf5 Nxf5 24. gxf5 Kh8 25. Qh5 Rg8 26. Kh1 Qg7 27. Rg1 e4 28. dxe4 Ne5 29. Bh6 Qe7 30. Re6 Qd8 31. exd5 Bxd5 32. Rxe8 Rxe8 33. Ng4 Bxg2+ 34. Rxg2 Qd1+ 35. Rg1 Qd5+ 36. Rg2 Rg8 37. h3 Qd1+ 38. Kh2 Nf3+ 39. Kg3 Be5+ 40. Kf2 Nd2 41. Rg1 Qf3+ 42. Ke1 Bxc3 43. Bg7+ Rxg7 44. Qe8+ Rg8 45. Qxg8+ Kxg8 46. Nh6+ Kf8 47. Rg8+ Ke7 48. f6+ Bxf6 0-1


[Site "https://www.chess.com"]

[Event "Titled Tuesday Blitz May 23 Early 2023"]
[White "Dwilewicz, Katarzyna"]
[Black "Acikel, Mert"]
[WhiteFideId "1148486"]
[BlackFideId "12956465"]
[WhiteElo "2065"]
[BlackElo "2097"]
[Result "1-0"]
[Round "04"]
[TimeControl "180+2"]
[Date "2023.05.23"]
[WhiteClock "0:01:40"]
[BlackClock "0:00:27"]

1. e4 e5 2. Nc3 Nf6 3. g3 Bc5 4. Bg2 Nc6 5. Nge2 O-O 6. d3 a5 7. O-O d6 8. h3 Re8 9. Be3 Nd4 10. Kh2 c6 11. f4 Nxe2 12. Qxe2 Bxe3 13. Qxe3 exf4 14. Rxf4 Be6 15. Raf1 a4 16. a3 h6 17. Ne2 Qe7 18. Nd4 Rf8 19. Rxf6 gxf6 20. Qxh6 Ra5 21. Rf4 Rg5 22. Rh4 1-0


[Site "https://www.chess.com"]

[Event "Titled Tuesday Blitz May 23 Early 2023"]
[White "Kriti Mayur Patel"]
[Black "Hercegovac, Neven"]
[WhiteFideId "35061780"]
[BlackFideId "2839135"]
[WhiteElo "1306"]
[BlackElo "2075"]
[Result "1/2-1/2"]
[Round "04"]
[TimeControl "180+2"]
[Date "2023.05.23"]
[WhiteClock "0:01:46"]
[BlackClock "0:00:39"]

1. e4 e6 2. d4 d5 3. Nc3 Bb4 4. exd5 exd5 5. Bd3 Nf6 6. Ne2 O-O 7. O-O Re8 8. Bg5 c6 9. Nf4 h6 10. Bxf6 Qxf6 11. g3 Bf5 12. a3 Bd6 13. Ng2 Nd7 14. Qf3 Bxd3 15. Qxd3 Re7 16. Rae1 Rae8 17. Rxe7 Qxe7 18. Re1 Qd8 19. Rxe8+ Qxe8 20. Qe3 Qxe3 21. Nxe3 g6 22. Ne2 Nf6 23. c3 Ne4 24. f3 Ng5 25. Kf2 f5 26. Ng2 Kf7 27. Ngf4 Ne6 28. Nxe6 Kxe6 29. f4 b6 30. Nc1 c5 31. Nd3 c4 32. Ne5 g5 33. Ke3 a5 34. Nc6 Kd7 35. Ne5+ Ke6 36. Nc6 Kd7 37. Ne5+ Ke6 1/2-1/2


[Site "https://www.chess.com"]

[Event "Titled Tuesday Blitz May 23 Early 2023"]
[White "Vargas Rodriguez, Wilver"]
[Black "Topalov, Aleksandar"]
[WhiteFideId "3509672"]
[BlackFideId "925659"]
[WhiteElo "2246"]
[BlackElo "2151"]
[Result "0-1"]
[Round "04"]
[TimeControl "180+2"]
[Date "2023.05.23"]
[WhiteClock "0:00:04"]
[BlackClock "0:01:40"]

1. Nf3 Nf6 2. b3 g6 3. Bb2 Bg7 4. c4 O-O 5. g3 a5 6. Bg2 a4 7. bxa4 Na6 8. d4 d6 9. O-O c5 10. d5 Bd7 11. Nc3 Qa5 12. Nb5 Nb8 13. Re1 Qxa4 14. Qxa4 Rxa4 15. e4 Rxc4 16. Na3 Rxe4 17. Rxe4 Nxe4 18. Bxg7 Kxg7 19. Re1 f5 20. Nh4 Rf7 21. Bxe4 fxe4 22. Rxe4 b5 23. Nc2 Na6 24. Ne3 Nc7 25. Nhg2 Bf5 26. Nxf5+ gxf5 27. Nf4 fxe4 0-1


[Site "https://www.chess.com"]